Map: Shrines of Lizul

Players

Gracz

  • Race: Protoss Protoss
  • League: Silver

HAJPER

  • Race: Terran Terran

aLune

  • Race: Protoss Protoss
  • League: Gold

TziVanA

  • Race: Zerg Zerg
  • League: Silver

VOD

Have the link to the VOD?

Description

Time

  • Played on: Oct. 7, 2016, 2:19 p.m.
  • Length: 13:06
Show
View Real Time Build Order
Export as new Build Order

Gracz Protoss 

Build Orders: 1 Gate Expand 

Get SALT Encoding   

  12  0:03  Probe (Chrono Boost)  
  13  0:13  Pylon  
  13  0:18  Probe (Chrono Boost)  
  14  0:35  Gateway  
  14  0:38  Probe (Chrono Boost)  
  15  0:57  Probe (Chrono Boost)  
  16  1:15  Nexus  
  16  1:19  Probe (Chrono Boost)  
  17  1:28  Cybernetics Core  
  17  1:29  Probe (Chrono Boost)  
  18  1:36  Assimilator  
  19  1:40  Probe (Chrono Boost)  
  19  1:47  Pylon  
  19  1:54  Probe (Chrono Boost)  
  20  2:05  Probe (Chrono Boost)  
  21  2:14  Gateway x2  
  21  2:27  Gateway  
  21  2:32  Probe x2 (Chrono Boost)  
  23  2:43  Probe (Chrono Boost)  
  24  2:51  Probe (Chrono Boost), Warp Gate  
  25  2:53  Probe (Chrono Boost)  
  26  3:01  Probe (Chrono Boost), Gateway  
  26  3:05  Assimilator, Probe (Chrono Boost)  
  28  3:11  Stalker  
  30  3:14  Probe (Chrono Boost)  
  30  3:17  Probe (Chrono Boost)  
  32  3:33  Probe (Chrono Boost)  
  34  3:34  Probe (Chrono Boost)  
  34  3:37  Pylon  
  34  3:43  Probe (Chrono Boost)  
  34  3:44  Assimilator  
  34  3:46  Probe (Chrono Boost)  
  34  3:48  Assimilator  
  36  3:51  Pylon  
  36  3:53  Pylon  
  36  3:54  Pylon  
  36  3:58  Probe (Chrono Boost)  
  36  4:02  Probe (Chrono Boost)  
  39  4:10  Probe (Chrono Boost)  
  39  4:12  Probe (Chrono Boost)  
  40  4:22  Probe (Chrono Boost)  
  41  4:24  Robotics Facility  
  41  4:28  Pylon  
  41  4:31  Pylon  
  41  4:34  Stargate x2  
  41  4:41  Gateway  
  41  4:44  Pylon  
  41  4:47  Pylon  
  41  4:50  Pylon  
  41  4:52  Probe (Chrono Boost)  
  43  4:53  Probe (Chrono Boost)  
  43  5:05  Probe (Chrono Boost)  
  44  5:10  Stalker x2  
  44  5:12  Stalker  
  44  5:13  Stalker  
  52  5:31  Stalker  
  52  5:59  Twilight Council  
  52  6:09  Warp Prism  
  52  6:15  Void Ray x2  
  60  6:53  Stalker x2  
  60  6:54  Stalker x3  
  58  6:55  Stalker  
  64  7:13  Fleet Beacon  
  64  7:14  Dark Shrine  
  53  7:39  Stalker x2  
  55  7:58  Pylon  
  55  8:00  Stalker  
  57  8:29  Dark Templar  
  57  8:30  Dark Templar x3  
  57  10:13  Pylon  
  57  10:15  Pylon  
  57  10:20  Dark Templar x4  
  49  10:59  Stalker x4  
  49  11:00  Stalker  
  59  11:27  Nexus  
  59  11:35  Nexus  
  59  11:39  Pylon  
  59  11:43  Pylon  
  59  11:49  Pylon  
  59  11:52  Zealot  
  59  11:53  Zealot  
  63  11:55  Pylon  
  63  11:59  Pylon  
  63  12:02  Pylon  
  63  12:05  Dark Templar  
  63  12:06  Pylon  
  61  12:45  Stalker x2  
Show
View Real Time Build Order
Export as new Build Order

HAJPER Terran 

Build Orders:  

Get SALT Encoding   

  12  0:03  SCV  
  13  0:18  Supply Depot  
  13  0:22  Refinery  
  13  0:38  SCV  
  14  0:45  Barracks  
  14  0:51  SCV  
  15  1:03  SCV  
  16  1:15  SCV  
  17  1:44  Orbital Command  
  17  1:50  Barracks  
  17  1:51  Reaper  
  18  1:54  Barracks  
  18  2:03  Supply Depot  
  18  2:15  SCV  
  19  2:27  SCV  
  20  2:44  Barracks Tech Lab  
  20  2:51  Barracks Tech Lab  
  20  2:59  Marine  
  21  3:16  Marine  
  21  3:34  Marine  
  21  3:41  Refinery  
  22  3:52  Marine, Command Center  
  22  3:54  Marine x2, Stimpack  
  25  4:10  Marine  
  25  4:12  Marine x2  
  28  4:28  Marine  
  28  4:29  Marine  
  28  4:30  Marine  
  31  4:47  Marine x2  
  33  4:52  Barracks Reactor  
  33  5:06  Marauder x2  
  37  5:12  Supply Depot  
  37  5:25  SCV  
  37  5:27  Marauder x2  
  42  5:35  Supply Depot  
  42  5:37  SCV  
  43  5:49  SCV  
  44  5:51  Marine  
  44  5:52  Marine x3  
  48  5:57  Supply Depot  
  48  6:01  SCV  
  49  6:09  Marine  
  49  6:10  Marauder x2  
  54  6:13  SCV  
  55  6:25  SCV  
  55  6:31  Marauder  
  55  6:32  Marauder  
  57  6:41  Marine x2  
  59  6:53  Marauder x2  
  63  6:58  Marine  
  64  7:12  Marine  
  64  7:14  Marauder x2  
  69  7:16  Marine  
  70  7:36  Marauder x2  
  74  7:46  Marine x2  
  76  7:57  Marauder x2  
  80  8:04  Marine x2  
  82  8:18  Marauder  
  82  8:19  SCV, Marauder  
  87  8:22  Marine x2  
  89  8:28  Factory  
  89  8:31  SCV  
  84  8:40  Marauder x2  
  54  8:44  SCV  
  38  8:51  Marine x2  
  40  8:56  SCV  
  40  9:01  Marauder x2  
  45  9:09  Marine x2  
  47  9:13  Factory  
  47  9:23  Marauder x2  
  51  9:52  Factory Tech Lab  
  51  10:08  SCV  
  51  10:12  Siege Tank  
  55  10:14  Widow Mine  
  55  10:20  SCV  
  58  10:32  SCV  
  59  10:43  Widow Mine  
  59  10:44  SCV, Siege Tank  
  65  10:57  SCV  
  66  11:11  Widow Mine  
  66  11:16  Siege Tank  
  70  11:36  Marauder x2  
  70  11:38  Marine x2  
  76  11:40  Widow Mine  
  78  11:49  Siege Tank  
  81  11:55  Marine  
  81  11:57  Marauder  
  81  11:58  Marauder  
  80  12:19  Marauder x2  
  80  12:21  Siege Tank  
  80  12:22  Widow Mine  
  65  12:40  Marauder x2  
Show
View Real Time Build Order
Export as new Build Order

aLune Protoss 

Build Orders: Double Forge 

Get SALT Encoding   

  12  0:01  Probe (Chrono Boost)  
  13  0:11  Probe (Chrono Boost)  
  14  0:23  Probe (Chrono Boost)  
  14  0:24  Pylon  
  16  0:43  Probe (Chrono Boost), Gateway  
  16  0:53  Probe (Chrono Boost)  
  17  1:01  Forge  
  17  1:04  Probe (Chrono Boost)  
  18  1:10  Assimilator  
  18  1:15  Pylon, Probe (Chrono Boost)  
  19  1:32  Zealot, Cybernetics Core  
  21  1:47  Probe (Chrono Boost)  
  22  2:10  Stalker  
  24  2:17  Nexus  
  24  2:24  Warp Gate  
  24  2:26  Probe (Chrono Boost)  
  25  2:40  Stalker  
  27  2:47  Assimilator  
  27  2:50  Pylon  
  28  2:51  Probe (Chrono Boost)  
  28  3:03  Probe (Chrono Boost)  
  27  3:30  Probe (Chrono Boost)  
  28  3:36  Probe (Chrono Boost)  
  30  3:43  Probe (Chrono Boost)  
  30  3:46  Stalker  
  30  3:47  Probe (Chrono Boost)  
  33  3:55  Probe (Chrono Boost)  
  34  3:57  Probe (Chrono Boost)  
  35  4:05  Pylon  
  35  4:07  Protoss Shields Level 1  
  35  4:08  Probe (Chrono Boost)  
  36  4:18  Probe (Chrono Boost)  
  37  4:26  Gateway  
  37  4:29  Probe (Chrono Boost)  
  37  4:30  Gateway  
  38  4:34  Gateway  
  38  4:39  Probe (Chrono Boost)  
  38  4:40  Twilight Council  
  38  4:43  Forge  
  38  4:44  Pylon  
  39  4:49  Stalker  
  41  4:55  Probe (Chrono Boost)  
  44  5:02  Mothership Core (Chrono Boost)  
  44  5:06  Probe (Chrono Boost)  
  45  5:09  Stargate  
  45  5:16  Stalker  
  45  5:17  Probe (Chrono Boost)  
  48  5:27  Probe (Chrono Boost)  
  49  5:33  Stalker  
  51  5:38  Probe (Chrono Boost)  
  52  5:43  Stalker  
  52  5:54  Void Ray  
  56  6:03  Assimilator  
  56  6:06  Assimilator  
  56  6:10  Pylon  
  56  6:12  Pylon  
  56  6:13  Stalker x2  
  60  6:36  Probe (Chrono Boost)  
  59  6:47  Probe (Chrono Boost)  
  60  6:58  Stalker x3, Probe (Chrono Boost)  
  60  6:59  Stalker  
  69  7:03  Void Ray  
  69  7:08  Pylon, Probe (Chrono Boost)  
  74  7:10  Stargate  
  74  7:19  Probe (Chrono Boost)  
  75  7:23  Stalker  
  75  7:24  Stalker x2, Protoss Shields Level 2  
  75  7:29  Probe (Chrono Boost)  
  82  7:40  Probe (Chrono Boost)  
  83  8:03  Nexus  
  83  8:10  Stalker x3  
  71  8:45  Stalker x3  
  71  8:46  Stalker  
  71  8:47  Void Ray  
  79  8:56  Void Ray  
  83  9:19  Robotics Facility  
  83  9:23  Blink  
  83  9:25  Stargate  
  83  9:27  Pylon  
  83  9:35  Void Ray  
  83  9:41  Stalker  
  83  9:43  Stalker  
  91  10:06  Observer  
  92  10:16  Void Ray  
  92  10:17  Void Ray  
  100  10:53  Stalker x2  
  100  10:54  Stalker x2  
  108  11:05  Void Ray x2  
  116  11:13  Probe (Chrono Boost)  
  117  11:25  Assimilator  
  117  11:27  Assimilator, Pylon  
  117  11:28  Pylon  
  117  11:44  Void Ray  
  117  11:45  Probe (Chrono Boost)  
  122  11:55  Probe (Chrono Boost)  
  122  11:57  Stalker x2  
  122  11:58  Stalker x2  
  131  12:05  Pylon  
  131  12:06  Probe (Chrono Boost)  
  131  12:07  Pylon  
  132  12:09  Pylon  
  132  12:12  Pylon  
  132  12:16  Probe (Chrono Boost)  
  133  12:27  Probe (Chrono Boost)  
  134  12:37  Probe (Chrono Boost)  
Show
View Real Time Build Order
Export as new Build Order

TziVanA Zerg 

Build Orders: Pool First 

Get SALT Encoding   

  12  0:02  Drone  
  13  0:12  Drone  
  14  0:18  Overlord  
  14  0:36  Extractor  
  14  0:41  Spawning Pool, Drone  
  13  0:45  Drone  
  14  1:04  Extractor, Drone x3  
  16  1:28  Drone  
  16  1:29  Drone  
  16  1:31  Queen  
  20  1:37  Overlord  
  20  2:15  Drone, Hatchery  
  19  2:16  Drone  
  19  2:18  Drone  
  22  2:33  Lair  
  22  3:01  Drone x2  
  22  3:02  Drone x4  
  28  3:19  Extractor  
  27  3:22  Zergling x2  
  27  3:23  Extractor  
  27  3:37  Drone x2  
  27  3:41  Drone x2  
  31  3:46  Overlord  
  31  4:04  Drone  
  31  4:05  Drone  
  33  4:15  Drone x2  
  35  4:22  Spire  
  34  4:29  Overlord  
  34  4:31  Overlord  
  34  4:33  Drone  
  34  4:34  Drone  
  34  4:35  Spire  
  35  4:58  Hatchery  
  34  5:01  Overlord  
  34  5:02  Infestation Pit  
  34  5:07  Drone x3  
  34  5:10  Overlord  
  34  5:11  Overlord  
  35  5:36  Mutalisk x2  
  35  5:37  Mutalisk  
  35  5:38  Mutalisk  
  35  5:39  Mutalisk  
  45  5:48  Zerg Flyer Weapons Level 1  
  45  5:50  Zerg Flyer Armor Level 1  
  45  5:57  Mutalisk  
  45  5:59  Mutalisk  
  49  6:06  Mutalisk  
  49  6:07  Mutalisk  
  53  6:24  Drone x2  
  55  6:28  Drone x3  
  58  6:33  Mutalisk x3  
  58  6:36  Mutalisk  
  63  6:52  Mutalisk  
  65  6:54  Mutalisk  
  67  7:02  Overlord x2  
  67  7:04  Overlord  
  67  7:07  Drone  
  64  8:01  Mutalisk x3  
  64  8:03  Mutalisk x2  
  73  8:25  Zerg Flyer Armor Level 2  
  62  9:16  Hatchery  
  61  9:17  Hatchery  
  60  9:25  Spore Crawler  
  60  9:26  Spore Crawler  
  52  10:17  Mutalisk  
  52  10:18  Mutalisk x2  
  58  10:35  Spawning Pool  
  57  10:36  Extractor  
  57  10:37  Extractor  
  57  10:39  Mutalisk  
  57  10:40  Mutalisk  
  59  11:23  Lair  
  59  11:24  Mutalisk x3  
  65  11:37  Drone x2  
  65  11:38  Drone  
  68  12:00  Hatchery  
Tags
 
Add a new tag
Caveats
  • Supply blocks, unpowered buildings, or Contaminate may cause inaccurate times.
  • Supply counts are checked every 10 seconds.